 Dungeon Crawl Stone Soup version 0.17.0-24-gcfadda4 (webtiles) character file.

86 Helmschank the Insei (level 4, 0/28 HPs)
             Began as an Octopode Transmuter on Nov 17, 2015.
             Succumbed to an adder's poison
             ... on level 1 of the Dungeon.
             The game lasted 00:09:02 (2997 turns).

Helmschank the Insei (Octopode Transmuter)          Turns: 2997, Time: 00:09:02

Health: 0/28       AC:  1    Str:  9    XL:     4   Next: 50%
Magic:  5/7        EV: 12    Int: 20    God:
Gold:   97         SH:  0    Dex: 13    Spells: 2 memorised, 4 levels left

rFire  . . .     SeeInvis +       - Unarmed
rCold  . . .     Clarity  .     (no shield)
rNeg   . . .     SustAt   .     (helmet restricted)
rPois  .         Gourm    .     (no amulet)
rElec  .         Spirit   .     (no ring)
rCorr  .         Warding  .     (no ring)
rMut   .         Stasis   .     (no ring)
MR     .....                    (no ring)
Stlth  +++.......               (no ring)
                                (no ring)
                                (no ring)
                                (no ring)

@: brilliant, lethally poisoned (0 -> -8), appendage (expiring), very slightly
contaminated, invisible, not resistant to hostile enchantments, fairly stealthy
A: almost no armour, amphibious, 8 rings, constrict 8, beak, tentacle spike 3,
camouflage 1, see invisible, gelatinous body 1
a: End Transformation


You were on level 1 of the Dungeon.
You were hungry.
One of your tentacles had a temporary spike.
You visited 1 branch of the dungeon, and saw 2 of its levels.

You collected 97 gold pieces.

Inventory:

Missiles
 a - 10 arrows
 e - 6 stones (quivered)
Scrolls
 d - 2 scrolls of magic mapping {unknown}
 h - a scroll of blinking {unknown}
 i - a scroll of identify {unknown}
 j - a scroll of noise {unknown}
 m - a scroll of immolation {unknown}
Potions
 l - a potion of heal wounds {unknown}
Books
 b - a book of Changes

   Spells                             Type                      Level
   a - Beastly Appendage              Transmutation                1
   b - Sticks to Snakes               Transmutation                2
   c - Spider Form                    Transmutation/Poison         3
   d - Ice Form                       Ice/Transmutation            4
   e - Blade Hands                    Transmutation                5
Comestibles
 c - 2 bread rations


   Skills:
 - Level 1.0 Fighting
 - Level 2.0 Dodging
 + Level 2.8 Stealth
 * Level 4.6 Unarmed Combat
 - Level 2.0 Spellcasting
 - Level 2.0 Transmutations


You had 4 spell levels left.
You knew the following spells:

 Your Spells              Type           Power        Failure   Level  Hunger
x - Sticks to Snakes      Trmt           ###.......   1%          2    ##.....
z - Beastly Appendage     Trmt           ###...       1%          1    #......


Dungeon Overview and Level Annotations

Branches:
Dungeon (2/15)

Altars:
Ru


Innate Abilities, Weirdness & Mutations

You cannot wear most types of armour.
You are amphibious.
You can wear up to eight rings at the same time.
You can use your tentacles to constrict eight enemies at once.
Your skin changes colour to match your surroundings (Stealth).
Your rubbery body absorbs attacks (AC +1).
You have a beak for a mouth.
One of your tentacles bears a large vicious spike.
You have supernaturally acute eyesight.


Message History

* * * LOW HITPOINT WARNING * * *
You are more poisoned.
The adder poisons you!
* * * LOW HITPOINT WARNING * * *
You feel sick.
Drink which item? (? for menu, Esc to quit)
It was a potion of mutation.
You feel extremely strange.
Your vision sharpens.
Your mouth lengthens and hardens into a beak!
The adder closely misses you.
Drink which item? (? for menu, Esc to quit)
It was a potion of invisibility.
You fade into invisibility!
* * * LOW HITPOINT WARNING * * *
You feel sick. The adder bites you.
* * * LOW HITPOINT WARNING * * *
Drink which item? (? for menu, Esc to quit)
It was a potion of brilliance.
You feel clever all of a sudden.
You die...

.# #..#.##..........#####......#
.####..#.##..........##....#.#...
.#.............##.....#....#.#..#
...............##.#####....#.#..#
.......#.#.....#..# #.##.......
#...#..###.....#..# #.##.......
....#..#..........#####.##.#.####
#.#....'....#..#S#.........#.####
#......#....#...@.......#........
.......#....##.#.####............
....#..#.........#.##.#.#..#.#.##
#.#.#..........#.#.##.#.#..#.#.##
#.....)..........#.##.#.#..#.#.##
.............#.#.#....#.#..#.#...
#.#.#.#......#.#.#.##.#.#..#.#.##
.............................#.#.
..###.##.......................#.


You could see an adder.

Vanquished Creatures
  2 gnolls (D:1)
  2 adders (D:2)
  A worm (D:2)
  3 giant geckos
  7 bats
  6 giant cockroaches
  4 goblins
  5 hobgoblins
  2 jackals (D:1)
  4 kobolds
  2 giant newts (D:1)
  8 rats
46 creatures vanquished.

Notes
Turn   | Place    | Note
--------------------------------------------------------------
     0 | D:1      | Helmschank the Octopode Transmuter began the quest for the Orb.
     0 | D:1      | Reached XP level 1. HP: 13/13 MP: 3/3
   738 | D:1      | Reached XP level 2. HP: 18/18 MP: 5/5
   763 | D:1      | Reached skill level 1 in Stealth
  1757 | D:1      | Reached XP level 3. HP: 23/23 MP: 6/6
  1832 | D:1      | Reached skill level 4 in Unarmed Combat
  2195 | D:2      | Learned a level 2 spell: Sticks to Snakes
  2219 | D:2      | Found a faded altar to an unknown god.
  2223 | D:2      | Reached XP level 4. HP: 21/28 MP: 5/7
  2948 | D:2      | Found a sacrificial altar of Ru.
  2995 | D:1      | Gained mutation: You have supernaturally acute eyesight. [potion of mutation]
  2995 | D:1      | Gained mutation: You have a beak for a mouth. [potion of mutation]
  2996 | D:1      | HP: 1/28 [adder (1)]
  2997 | D:1      | Succumbed to an adder's poison

Action                   |  1- 3 |  4- 6 || total
-------------------------+-------+-------++-------
Melee: Unarmed           |    73 |    39 ||   112
Throw: Stone             |    21 |     3 ||    24
 Cast: Beastly Appendage |     5 |     8 ||    13
       Sticks to Snakes  |       |     2 ||     2
  Use: Potion            |       |     3 ||     3
 Stab: Sleeping          |     7 |     5 ||    12
  Eat: Chunk             |     4 |     2 ||     6
